 Seeded DCSS version 0.26.1-15-g04117e645d (webtiles) character file.

Game seed: 93845784 (custom seed)

93 ty64800 the Ducker (level 4, 0/41 HPs)
             Began as a Troll Artificer on Apr 14, 2022.
             Was an Initiate of the Shining One.
             Succumbed to an adder's poison
             ... on level 3 of the Dungeon.
             The game lasted 00:31:38 (2492 turns).

ty64800 the Ducker (Troll Artificer)                Turns: 2492, Time: 00:31:38

Health: 0/41       AC:  4    Str: 21    XL:     4   Next: 37%
Magic:  3/3        EV: 10    Int:  7    God:    the Shining One [......]
Gold:   122        SH:  0    Dex: 10    Spells: 3/3 levels left

rFire    . . .     SeeInvis .   f - -2 war axe
rCold    + . .     Faith    .   (no shield)
rNeg     + . .     Spirit   .   (armour restricted)
rPois    .         Reflect  .   (helmet restricted)
rElec    .         Harm     .   (no cloak)
rCorr    .         Rampage  .   (gloves unavailable)
Will     .....                  (boots unavailable)
Stlth    +.........             p - amulet of regeneration
HPRegen  0.93/turn              o - ring of positive energy
MPRegen  0.08/turn              y - ring of protection from cold

@: lethally poisoned (0 -> -1), glowing
A: large, unfitting armour, claws 3, regeneration 1, shaggy fur 1, tough skin 3
a: Renounce Religion


You were on level 3 of the Dungeon.
You worshipped the Shining One.
The Shining One was noncommittal.
You visited 1 branch of the dungeon, and saw 3 of its levels.

You collected 122 gold pieces.

Inventory:

Hand Weapons
 a - a +0 club
 f - a -2 war axe (weapon)
 g - a +0 spear
 n - a +0 dagger
 t - a +0 hand axe
 w - a +1 dagger of speed
Missiles
 k - 5 large rocks
 l - 91 stones
 x - 25 arrows
Armour
 q - a +0 scale mail
 u - a +0 chain mail
 C - a +0 ring mail
Jewellery
 o - a ring of positive energy (left claw)
 p - an amulet of regeneration (around neck)
 y - a ring of protection from cold (right claw)
Wands
 c - a wand of flame (1) (quivered)
 d - a wand of enslavement (15)
 e - a wand of random effects (15)
Scrolls
 h - 2 scrolls of remove curse
 s - a scroll of teleportation
 v - 2 scrolls of amnesia
Potions
 b - a potion of curing
 i - a potion of attraction
 j - a potion of degeneration {unknown}
 m - a potion of ambrosia
 r - a potion of lignification
 z - a potion of flight
 A - 2 potions of cancellation {unknown}
 B - a potion of heal wounds {unknown}


   Skills:
 + Level 1.2 Fighting
 + Level 1.0(1.2) Axes
 + Level 0.9(1.2) Maces & Flails
 + Level 2.8 Dodging
 + Level 0.5 Stealth
 + Level 2.7 Evocations


You had 3 spell levels left.
You didn't know any spells.
Your spell library was empty.

Dungeon Overview and Level Annotations

Branches:
Dungeon (3/15)

Altars:
The Shining One


Innate Abilities, Weirdness & Mutations

You are too large for most types of armour.
You have claws for hands.
Your natural rate of healing is unusually fast.
You are covered in fur. (AC +1)
You have extremely tough skin. (AC +3)


Message History

You feel sick. The adder misses you.
You feel sick. The adder misses you.
You feel sick. The adder bites you.
* * * LOW HITPOINT WARNING * * *
The adder barely misses you.
You feel sick. The adder bites you.
* * * LOW HITPOINT WARNING * * *
You feel sick. The adder bites you.
* * * LOW HITPOINT WARNING * * *
You feel sick. The adder misses you.
You feel sick. The adder misses you. The adder bites you but does no damage.
The adder bites you but does no damage.
You feel sick. The adder closely misses you. The adder bites you.
* * * LOW HITPOINT WARNING * * *
You are more poisoned.
The adder poisons you! The adder closely misses you.
You feel sick. The adder bites you.
* * * LOW HITPOINT WARNING * * *
You die...

#...... ...... # ##..... .. ..
.... ..#####.# .w. ####...#.. #K#
##≈≈......####S# #.#...
#≈≈...##....#.@# #.# #....#
#≈....##..#.#.###.#..##. .....#
#.....##.......................
#≈....##.#....###.##....##.....
###≈≈.....................##....#
#.##≈≈..#..#....................#
...####.......##..####......<...#
....................##..........#
..............#####..#........###


You could see an adder, a dart slug and a kobold.

Vanquished Creatures
  2 adders (D:2)
  A white imp (D:2)
  An ooze (D:2)
  2 worms (D:2)
  A dart slug (D:2)
  A leopard gecko (D:2)
  6 orcs
  2 ball pythons (D:2)
  5 bats
  4 giant cockroaches
  7 goblins
  3 hobgoblins (D:1)
  3 frilled lizards
  5 kobolds
  5 rats
48 creatures vanquished.

Notes
Turn   | Place    | Note
-------+----------+-------------------------------------------
     0 | D:1      | ty64800 the Troll Artificer began the quest for the Orb.
     0 | D:1      | Reached XP level 1. HP: 18/18 MP: 0/0
   383 | D:1      | Reached XP level 2. HP: 25/26 MP: 1/1
  1252 | D:2      | Reached XP level 3. HP: 16/32 MP: 2/2
  1406 | D:2      | Found a glowing golden altar of the Shining One.
  1421 | D:2      | Reached skill level 1 in Fighting
  1448 | D:2      | Became a worshipper of the Shining One
  1776 | D:2      | Reached XP level 4. HP: 41/41 MP: 3/3
  2208 | D:3      | Found a glowing golden altar of the Shining One.
  2293 | D:3      | Reached skill level 1 in Axes
  2485 | D:3      | HP: 2/41 [adder (2)]
  2491 | D:3      | HP: 1/41 [adder (2)]
  2492 | D:3      | Succumbed to an adder's poison

Illustrated notes

Levels and vault maps discovered:
D:1:      nicolae_arrival_somewhat_less_tricky_arrival, layout_loops_ring
D:2:      layout_loops_ring, lemuel_doored_altar
D:3:      layout_rooms, kennysheep_nub, tso_metal_star

Skill      XL: |  1  2  3  4 |
---------------+-------------+-----
Dodging        | 2 |  2.8
Fighting       | 1 |  1.2
Axes           | 1 |  1.0
Maces & Flails | |  0.9
Stealth        | |  0.5
Evocations     | |  2.7

Action                   |  1- 3 |  4- 6 || total
-------------------------+-------+-------++-------
Melee: Club              |    73 |       ||    73
       Hand axe          |    79 |       ||    79
       War axe           |       |    68 ||    68
Evoke: Wand              |       |    14 ||    14
  Use: Scroll            |     9 |     1 ||    10
       Potion            |     1 |     1 ||     2
Armor: Robe              |    85 |     9 ||    94
       Skin              |       |    36 ||    36
Dodge: Dodged            |    99 |    61 ||   160
